 Dungeon Crawl Stone Soup version 0.32-a0-933-ga8fa3634e4 (webtiles) character file.

Game seed: 3530773384091581725

308 Biggs the Ruffian (level 6, 0/59 HPs)
             Began as a Troll Fighter on Apr 15, 2024.
             Was a Follower of Wu Jian.
             Slain by an iguana (12 damage)
             ... on level 4 of the Dungeon.
             The game lasted 00:04:35 (607 turns).

Biggs the Ruffian (Troll Fighter)                    Turns: 607, Time: 00:04:36

Health: 0/59       AC:  4    Str: 27    XL:     6   Next: 16%
Magic:  5/5        EV:  8    Int:  4    God:    Wu Jian [*.....]
Gold:   73         SH:  7    Dex:  9    Spells: 5/5 levels left

rFire   . .          .
                       - Unarmed
rCold   . . .        b - +0 kite shield
rNeg    . . .        a - +0 robe
rPois   .            (helmet restricted)
rElec   .            (no cloak)
rCorr   .            (gloves unavailable)
SInv    .            (boots unavailable)
Will    .....        (no amulet)
Stlth   +            (no ring)
HPRegen 1.09/turn    (no ring)
MPRegen 0.09/turn

%: no passive effects
@: no status effects
A: large, unfitting armour, claws 3, regeneration 1, shaggy fur 1, tough skin 1
a: Renounce Religion


You were on level 4 of the Dungeon.
You worshipped Wu Jian.
Wu Jian was aware of your devotion.
You visited 1 branch of the dungeon, and saw 4 of its levels.

You collected 73 gold pieces.

Inventory:

Missiles
 d - a throwing net (quivered)
Armour
 a - a +0 robe (worn)
 b - a +0 kite shield (worn)
Scrolls
 g - a scroll of enchant weapon {unknown}
 h - a scroll of silence {unknown}
Potions
 c - a potion of might
 e - a potion of ambrosia {unknown}
 f - a potion of berserk rage {unknown}
 i - a potion of heal wounds {unknown}


   Skills:
 - Level 2.4 Fighting
 - Level 2.4 Dodging
 - Level 2.6 Shields
 + Level 6.6 Unarmed Combat


You had 5 spell levels left.
You didn't know any spells.
Your spell library contained the following spells:

 Spells                   Type           Power      Damage    Failure   Level
 Fugue of the Fallen      Necr           0%         N/A       98%         3
 Ozocubu's Armour         Ice            0%         N/A       98%         3
 Manifold Assault         Tloc           0%         N/A       100%        7


Dungeon Overview and Level Annotations

Branches:
Dungeon (4/15)             Temple (0/1) D:4

Altars:
Uskayaw
Wu Jian


Innate Abilities, Weirdness & Mutations

You are too large for most types of armour.
You have claws for hands.
Your natural rate of healing is unusually fast.
You are covered in fur. (AC +1)
You have tough skin. (AC +1)


Message History

You barely miss the black bear.
The black bear is almost dead.
The black bear closely misses you. The black bear claws you.
The black bear closely misses you. The goblin hits you but does no damage.
You scratch the black bear but do no damage.
The black bear is almost dead.
You block the black bear's attack.
The black bear claws you but does no damage.
You block the black bear's attack. The black bear barely misses you.
The black bear claws you. You block the black bear's attack.
The goblin hits you but does no damage.
You mangle the black bear!!
You kill the black bear!
The Council accepts your kill.
You can now lightly attack monsters by moving around them.
The goblin hits you but does no damage.
You have reached level 6!
You feel stronger.
You claw the endoplasm!
You kill the endoplasm!
The Council accepts your kill. You block the iguana's attack.
You block the goblin's attack.
Unknown command.
You closely miss the iguana. The iguana bites you!
The goblin hits you with a +0 club.
* * * LOW HITPOINT WARNING * * *
Unknown command.
You scratch the iguana.
The iguana is moderately wounded.
The iguana barely misses you. The goblin closely misses you.
You claw the iguana!
The iguana is severely wounded.
The iguana bites you!
* * * LOW HITPOINT WARNING * * *
The goblin closely misses you.
Unknown command.
You scratch the iguana.
The iguana is almost dead.
The iguana bites you!
You die...

##.##.## #.##.##
########### #.##...
$.........# #.#####
#.#.#.#.#.########.### #
.....(.........#.....# #
#.......#.###....#[#.###
..........# #...........
#...>..@#.# #....#.#.###
......gl.............#
#.......#.############
..........# #.#.#.#.#.#
..........# ##[##.#.###
#. ....#


You could see an iguana and a goblin.

Vanquished Creatures
  A black bear (D:4)
  A hound (D:4)
  An iguana (D:4)
  Natasha (D:3)
  Terence (D:3)
  6 gnolls
  An adder (D:4)
  A dart slug (D:3)
  A ribbon worm (D:2)
  An orc (D:3)
  5 endoplasms
  2 giant cockroaches
  4 goblins
  3 hobgoblins
  2 jackals (D:2)
  7 kobolds
  2 quokkas (D:1)
  5 ball pythons
  2 bats
  2 rats
49 creatures vanquished.

Notes
Turn   | Place    | Note
-------+----------+-------------------------------------------
     0 | D:1      | Biggs the Troll Fighter began the quest for the Orb.
     0 | D:1      | Reached XP level 1. HP: 22/22 MP: 0/0
    49 | D:1      | Reached XP level 2. HP: 25/29 MP: 1/1
    70 | D:1      | Reached skill level 3 in Unarmed Combat
   207 | D:2      | Reached XP level 3. HP: 30/36 MP: 2/2
   215 | D:2      | Reached skill level 4 in Unarmed Combat
   249 | D:2      | Found an ornate altar of the Wu Jian Council.
   263 | D:2      | Became a worshipper of the Wu Jian Council
   303 | D:3      | Noticed Natasha
   306 | D:3      | Killed Natasha
   307 | D:3      | Reached XP level 4. HP: 44/44 MP: 3/3
   321 | D:3      | Noticed Natasha
   389 | D:3      | Reached skill level 5 in Unarmed Combat
   407 | D:3      | Noticed Terence
   417 | D:3      | Killed Terence
   418 | D:3      | Reached XP level 5. HP: 46/50 MP: 4/4
   526 | D:4      | Found a hide-covered altar of Uskayaw.
   566 | D:4      | Reached skill level 6 in Unarmed Combat
   591 | D:4      | Found a staircase to the Ecumenical Temple.
   592 | D:4      | Noticed a black bear
   602 | D:4      | Killed a black bear
   602 | D:4      | Reached * piety under Wu Jian
   603 | D:4      | Reached XP level 6. HP: 28/59 MP: 5/5
   607 | D:4      | Slain by an iguana

Illustrated notes

Levels and vault maps discovered:
D:1:      minmay_arrival_loop, layout_basic, serial_corexii_hall,
          chequers_hall_statues_corner_a, chequers_hall_statues_y
D:2:      layout_rooms, basic_altar, kennysheep_generic_room_4
D:3:      layout_rooms, kennysheep_generic_room_5, uniq_natasha, uniq_terence
D:4:      layout_loops_ring, mainiacjoe_overflow_alcove_1,
          minmay_temple_entry_glass, hellmonk_ghost_happy_afterlife,
          uniq_menkaure

Skill      XL: |  1  2  3  4  5 |
---------------+----------------+-----
Unarmed Combat | 3 4 5 6 |  6.6
Fighting       | |  2.4
Dodging        | |  2.4
Shields        | |  2.6

Action                     |  1- 3 |  4- 6 || total
---------------------------+-------+-------++-------
  Melee: Unarmed           |    65 |    62 ||   127
Ability: Lunge             |     2 |     8 ||    10
 Armour: Robe              |    32 |    34 ||    66
  Dodge: Dodged            |    13 |    18 ||    31
  Block: Kite shield       |    20 |    20 ||    40

Table legend: (Time is in decaauts)
 A = Elapsed time spent in this place.
 B = Non-inter-level travel time spent in this place.
 C = Inter-level travel time spent in this place.
 D = Time resting spent in this place.
 E = Time spent auto-exploring this place.
 F = Levels seen in this place.
 G = Mean time per level.
                   A        B        C        D        E       F      G
               +--------+--------+--------+--------+--------+-----+--------+
         Total |    610 |    610 |      0 |      0 |      0 |   4 |  152.5 |
       Dungeon |    610 |    610 |      0 |      0 |      0 |   4 |  152.5 |
               +--------+--------+--------+--------+--------+-----+--------+

Top non-repeatable levels by time:
     D:2: 218 daAuts
     D:3: 197 daAuts
     D:4: 109 daAuts
     D:1: 85 daAuts
